 Dungeon Crawl Stone Soup version 0.31-a0-112-gdf0485fa37 (webtiles) character file.

Game seed: 15152911959194665207

1666 avis the Martial Artist (level 9, -22/103 HPs)
             Began as a Merfolk Transmuter on May 28, 2023.
             Was an Initiate of Gozag.
             Killed from afar by a steam dragon (25 damage)
             ... with a ball of steam
             ... on level 6 of the Dungeon.
             The game lasted 00:42:51 (6771 turns).

avis the Martial Artist (Merfolk Transmuter)        Turns: 6771, Time: 00:42:52

Health: -22/103    AC: 24    Str: 14    XL:     9   Next: 1%
Magic:  15/15      EV:  2    Int: 12    God:    Gozag
Gold:   320        SH:  0    Dex: 15    Spells: 3/16 levels left

rFire   . . .        b - +0 orcbow
rCold   . . .        (shield currently unavailable)
rNeg    . . .        t - melded +2 leather armour {Will+}
rPois   +            o - melded +1 hat
rElec   .            l - melded +0 cloak
rCorr   .            c - melded +0 pair of gloves
SInv    .            (boots currently unavailable)
Will    .....        D - amulet of magic regeneration
Stlth   ++           A - ring of flight
HPRegen 0.37/turn    (no ring)
MPRegen 0.54/turn

%: no passive effects
@: tree-form, gold aura
A: stationary, stasis, torment immunity, boosted hp, (nimble swimmer 2),
(mertail)
a: Renounce Religion, Potion Petition, Call Merchant, Bribe Branch


You were on level 6 of the Dungeon.
You worshipped Gozag.
Gozag was aware of your devotion.
You were a tree.
You visited 2 branches of the dungeon, and saw 7 of its levels.

You collected 583 gold pieces.
You spent 212 gold pieces at shops.
You paid 51 gold pieces to Gozag.

Inventory:

Hand Weapons
 a - a +1 rapier of speed
 b - a +0 orcbow (weapon)
 f - the +7 spear "Goolaku" {heavy, +Blink rF+}
   (You found it on level 4 of the Dungeon)

   rF:        It protects you from fire.
   +Blink:    It lets you blink.
 x - a +0 sling
 J - a +1 heavy hand axe
 K - a +1 heavy hand axe
 M - the +3 orcbow of Beogh, Lusting {antimagic, rElec}
   (You bought it in a shop on level 6 of the Dungeon)

   rElec:     It insulates you from electricity.
Missiles
 d - 10 poisoned darts
 y - 2 boomerangs
Armour
 c - a +0 pair of gloves (melded)
 l - a +0 cloak (melded)
 o - a +1 hat (melded)
 t - a +2 leather armour of willpower (melded)
 I - a +0 kite shield
Jewellery
 k - a ring of willpower
 A - a ring of flight (left branch)
 D - an amulet of magic regeneration (around neck)
 F - a ring of fire
Wands
 n - a wand of light (7)
 q - a wand of mindburst (17)
 B - a wand of flame (14)
Scrolls
 e - a scroll of vulnerability {unknown}
 h - a scroll of acquirement {unknown}
 j - 2 scrolls of blinking {unknown}
 p - 2 scrolls of teleportation {unknown}
 s - a scroll of enchant weapon {unknown}
 w - a scroll of torment {unknown}
 C - a scroll of fear {unknown}
 L - a scroll of enchant armour {unknown}
Potions
 g - a potion of enlightenment
 i - 2 potions of haste
 m - a potion of magic
 r - a potion of cancellation
 v - a potion of mutation {unknown}
 z - a potion of invisibility
 E - 3 potions of might
 G - 3 potions of brilliance


   Skills:
 - Level 6.0 Fighting
 - Level 5.0 Dodging
 - Level 3.0 Stealth
 - Level 8.0 Unarmed Combat
 - Level 4.0 Spellcasting
 * Level 0.0 Translocations
 - Level 5.0 Transmutations
 - Level 2.0 Ice Magic
 * Level 0.0 Air Magic
 - Level 1.0 Poison Magic


You had 3 spell levels left.
You knew the following spells:

 Your Spells              Type           Power      Damage    Failure   Level
a - Beastly Appendage     Tmut           28%        N/A       2%          1
e - Wereblood             Tmut           14%        N/A       4%          2
h - Vhi's Electric Charg  Tloc/Air       4%         N/A       54%         3
p - Spider Form           Tmut/Pois      9%         N/A       19%         3
q - Ice Form              Ice/Tmut       10%        N/A       45%         4

Your spell library contained the following spells:

 Spells                   Type           Power      Damage    Failure   Level
 Shock                    Conj/Air       8%         1d3       22%         1
 Summon Small Mammal      Summ           8%         N/A       22%         1
 Cigotuvi's Dreadful Rot  Necr/Pois/Air  6%         N/A       28%         2
 Call Canine Familiar     Summ           2%         N/A       54%         3
 Summon Guardian Golem    Hex/Summ       2%         N/A       54%         3
 Swiftness                Air            2%         N/A       54%         3
 Airstrike                Air            1%         2d(1-17)  91%         4
 Dispel Undead            Necr           2%         3d7       91%         4
 Arcjolt                  Conj/Air       1%         1d11      99%         5
 Death Channel            Necr           1%         N/A       100%        6
 Maxwell's Capacitive Co  Air            1%         ∞         100%        8


Dungeon Overview and Level Annotations

Branches:
Dungeon (6/15)             Temple (1/1) D:4

Altars:
Ashenzari
Cheibriados
Elyvilon
Fedhas
Gozag
Hepliaklqana
Kikubaaqudgha
Makhleb
Nemelex Xobeh
Okawaru
Ru
Sif Muna
Trog
Uskayaw
Vehumet
Wu Jian
Xom
Yredelemnul
Zin
The Shining One

Shops:
D:3 [   D:6 (


Innate Abilities, Weirdness & Mutations

You are a tree.
Your roots penetrate the ground, keeping you stationary.
You cannot be teleported.
You are immune to unholy pain and torment.
Your maximum health is greatly increased.
Your equipment is partially melded.
((You are very nimble when in or above water. (Stealth+, EV+, Speed+++)))
((Your lower body shifts to a powerful aquatic tail in water.))


Message History

The steam dragon claws you but does no damage.
The gnoll sergeant hits you with a +2 great sword of holy wrath.
* * * LOW HITPOINT WARNING * * *
The steam dragon breathes steam at you. The ball of steam hits you!
* * * LOW HITPOINT WARNING * * *
You shoot an arrow.
The arrow barely misses the steam dragon.
The arrow barely misses the orc.
You are engulfed in a cloud of scalding steam.
The gnoll sergeant hits you but does no damage.
The steam dragon bites you but does no damage.
The steam dragon claws you but does no damage.
You shoot an arrow.
The arrow barely misses the steam dragon.
The arrow closely misses the orc.
The gnoll sergeant completely misses you.
The steam dragon bites you but does no damage.
The steam dragon claws you but does no damage.
The steam dragon bites you but does no damage.
The steam dragon claws you but does no damage.
The gnoll sergeant hits you with a +2 great sword of holy wrath!
* * * LOW HITPOINT WARNING * * *
You shoot an arrow.
The arrow barely misses the steam dragon.
The arrow hits the orc.
You kill the orc!
The steam dragon bites you but does no damage.
The steam dragon claws you.
* * * LOW HITPOINT WARNING * * *
The gnoll sergeant hits you with a +2 great sword of holy wrath.
* * * LOW HITPOINT WARNING * * *
You shoot an arrow.
The arrow hits the steam dragon but does no damage.
The steam dragon is heavily wounded.
The gnoll sergeant hits you but does no damage.
The steam dragon breathes steam at you. The ball of steam hits you!!
You die...
Your body crumbles into a pile of gold.

....# #.#### #..##..##.# #
....# #.##.g #..##..##.# #
....# #.##.#h#......##.# ##
....#
###.##..c#......##.######.
....#
#>..##'#######'###......#.
....# ##.###....#.....#
####...#. ....# #..#
#..hl#.....# ##...#. ....#
#..###..gg#..#..# #....##
.######....#.DcD♣.....#
##.##### .#
##..##.######.....####.......
.#
#..###......########....###..
.# #.#.....###............##
#.. .# #...#####
#########..### #.. .# #####
##..## #.. ## #...# #..
#.#.####.. #.#...##..


You could see a steam dragon (poisoned, catching breath), a black bear, an acid
dragon, a gnoll sergeant (swift), a centaur, a gnoll bouda and an iguana.

Vanquished Creatures
  Sigmund (D:2)
  Eustachio (Temple)
  A steam dragon (D:6)
  2 black bears
  An ogre (D:5)
  A centaur (D:6)
  Blork the orc (D:5)
  2 scorpions (D:6)
  4 hounds
  An orc priest (D:6)
  3 jellies
  A gnoll bouda (D:6)
  Crazy Yiuf (D:2)
  An iguana (D:6)
  Jessica (D:2)
  Terence (D:2)
  A sleepcap (D:5)
  Natasha (thrice) (D:3)
  4 orc wizards
  3 gnolls (D:6)
  An adder (D:2)
  3 white imps
  An ufetubus (D:5)
  A worm (D:4)
  A dart slug (D:1)
  8 orcs
  5 ball pythons
  3 endoplasms
  10 giant cockroaches
  10 goblins
  9 hobgoblins
  7 jackals (D:3)
  3 kobolds
  3 quokkas
  4 bats
  4 frilled lizards
  3 rats
  A butterfly (D:4)
111 creatures vanquished.

Notes
Turn   | Place    | Note
-------+----------+-------------------------------------------
     0 | D:1      | avis the Merfolk Transmuter began the quest for the Orb.
     0 | D:1      | Reached XP level 1. HP: 15/15 MP: 3/3
   267 | D:1      | Reached XP level 2. HP: 22/22 MP: 3/5
   664 | D:1      | Reached skill level 4 in Unarmed Combat
   900 | D:1      | Reached XP level 3. HP: 27/27 MP: 4/6
   903 | D:1      | Learned a level 2 spell: Wereblood
   907 | D:1      | Learned a level 3 spell: Spider Form
  1287 | D:2      | Noticed Terence
  1347 | D:2      | Killed Terence
  1348 | D:2      | Reached skill level 1 in Stealth
  1348 | D:2      | Reached skill level 1 in Poison Magic
  1460 | D:2      | Found a runed translucent door.
  1461 | D:2      | Noticed Crazy Yiuf
  1470 | D:2      | Killed Crazy Yiuf
  1471 | D:2      | Reached XP level 4. HP: 33/33 MP: 3/7
  1606 | D:2      | Noticed Sigmund
  1620 | D:2      | Killed Sigmund
  1621 | D:2      | Reached XP level 5. HP: 29/40 MP: 5/9
  1621 | D:2      | Reached XP level 6. HP: 34/46 MP: 5/10
  1736 | D:2      | Noticed Jessica
  1745 | D:2      | Killed Jessica
  2229 | D:3      | Noticed Natasha
  2260 | D:3      | Killed Natasha
  2664 | D:3      | Found Ireram's Armour Shop.
  2693 | D:3      | Noticed Natasha
  2700 | D:3      | Killed Natasha
  2702 | D:3      | Noticed Natasha
  2708 | D:3      | Killed Natasha
  3176 | D:3      | Learned a level 4 spell: Ice Form
  3386 | D:4      | Found a staircase to the Ecumenical Temple.
  3406 | Temple   | Entered the Ecumenical Temple
  3406 | Temple   | Found a transporter.
  3406 | Temple   | Found a transporter.
  3408 | Temple   | Found a transporter.
  3408 | Temple   | Found a transporter.
  3437 | Temple   | Became a worshipper of Gozag Ym Sagoz the Greedy
  3577 | D:4      | Reached skill level 5 in Unarmed Combat
  3632 | D:4      | Identified the +7 spear "Goolaku" {heavy, +Blink rF+}
  3659 | D:4      | Noticed Eustachio
  3682 | Temple   | Killed Eustachio
  3683 | Temple   | Reached XP level 7. HP: 19/54 MP: 11/11
  4546 | D:5      | Entered Level 5 of the Dungeon
  4727 | D:5      | Reached skill level 5 in Dodging
  4727 | D:5      | Reached skill level 6 in Unarmed Combat
  4924 | D:5      | Noticed Blork the orc
  4944 | D:5      | Killed Blork the orc
  4945 | D:5      | Reached XP level 8. HP: 32/60 MP: 14/14
  5198 | D:5      | Reached skill level 5 in Transmutations
  5315 | D:5      | Learned a level 3 spell: Vhi's Electric Charge
  5462 | D:5      | Found a broken altar of Ashenzari.
  5920 | D:6      | Reached skill level 5 in Fighting
  6384 | D:6      | Found Deog's Antique Weapon Emporium.
  6388 | D:6      | Bought an ebony orcbow for 212 gold pieces
  6388 | D:6      | Identified the +3 orcbow of Beogh, Lusting {antimagic,
                  | rElec} (You bought it in a shop on level 6 of the Dungeon)
  6437 | D:6      | Reached skill level 7 in Unarmed Combat
  6762 | D:6      | Reached skill level 8 in Unarmed Combat
  6762 | D:6      | Reached XP level 9. HP: 28/69 MP: 15/15
  6770 | D:6      | HP: 4/103 [steam dragon (3)]
  6771 | D:6      | Killed from afar by a steam dragon

Illustrated notes

Levels and vault maps discovered:
D:1:      matt_arrival_refuge, layout_basic
D:2:      layout_loops_ring, uniq_sigmund, uniq_jessica,
          uniq_crazy_yiuf_cottage, uniq_terence
D:3:      layout_basic, serial_shops, nicolae_shop_just_a_little_nook,
          nrook_campfire, dk_vineyard_3, serial_bayou_crossing, uniq_natasha
D:4:      layout_cave_pods, minmay_temple_entry_butterflies, serial_park,
          serial_park_square2, serial_park_square1
          [serial_park_minivault_5x5_8], uniq_eustachio
D:5:      layout_gridville, ashenzari_conservatory_becter, uniq_blork_the_orc
D:6:      minmay_clustersquares, layout_basic, serial_shops,
          nicolae_shop_back_alley_shop
Temple:   hellmonk_temple_divided_pantheon

Skill      XL: |  1  2  3  4  5  6  7  8 |
---------------+-------------------------+-----
Fighting       | 2 4 6 |  6.0
Unarmed Combat | 4 5 6 8 |  8.0
Dodging        | 3 4 5 |  5.0
Stealth        | 1 2 3 |  3.0
Transmutations | 4 5 |  5.0
Poison Magic   | 1 |  1.0
Spellcasting   | 3 4 |  4.0
Ice Magic      | 2 |  2.0

Action                     |  1- 3 |  4- 6 |  7- 9 || total
---------------------------+-------+-------+-------++-------
  Melee: Unarmed           |    62 |   113 |   143 ||   318
         Headbutt          |     8 |     3 |     3 ||    14
         Punch             |     3 |     2 |     2 ||     7
         Rapier            |       |       |    15 ||    15
         Spear             |       |       |     8 ||     8
   Fire: Orcbow            |       |       |    14 ||    14
   Cast: Beastly Appendage |    21 |     9 |     3 ||    33
         Spider Form       |     3 |    19 |    25 ||    47
Ability: End Transformatio |     1 |       |       ||     1
    Use: Scroll            |       |       |     7 ||     7
         Potion            |       |       |     3 ||     3
   Stab: Sleeping          |     5 |     3 |     3 ||    11
         Distracted        |       |     1 |     1 ||     2
 Armour: Robe              |     9 |     1 |       ||    10
         Leather armour    |       |    20 |     5 ||    25
         Skin              |       |     4 |    70 ||    74
  Dodge: Dodged            |    33 |   132 |   137 ||   302

Table legend: (Time is in decaauts)
 A = Elapsed time spent in this place.
 B = Non-inter-level travel time spent in this place.
 C = Inter-level travel time spent in this place.
 D = Time resting spent in this place.
 E = Time spent auto-exploring this place.
 F = Levels seen in this place.
 G = Mean time per level.
                   A        B        C        D        E       F      G
               +--------+--------+--------+--------+--------+-----+--------+
         Total |   6748 |   6142 |    606 |   1133 |   3214 |   7 |  964.0 |
       Dungeon |   6553 |   5955 |    598 |   1033 |   3214 |   6 | 1092.2 |
        Temple |    194 |    186 |      8 |    100 |      0 |   1 |  194.0 |
               +--------+--------+--------+--------+--------+-----+--------+

Top non-repeatable levels by time:
     D:1: 1325 daAuts
     D:2: 1099 daAuts
     D:6: 1077 daAuts
     D:5: 1053 daAuts
     D:4: 1019 daAuts
     D:3: 977 daAuts
  Temple: 194 daAuts
